 Dungeon Crawl Stone Soup version 0.30-a0-359-gd0147acb1a (webtiles) character file.

Game seed: 9570017585081656692

1026 LnG the Covert (level 8, 0/66 HPs)
             Began as a Kobold Summoner on Nov 13, 2022.
             Was a Follower of Dithmenos.
             Succumbed to a scorpion's poison
             ... in an ossuary.
             The game lasted 00:11:40 (5462 turns).

LnG the Covert (Kobold Summoner)                    Turns: 5462, Time: 00:11:40

Health: 0/66       AC: 24    Str:  6    XL:     8   Next: 47%
Magic:  22/22      EV:  3    Int: 18    God:    Dithmenos [*.....]
Gold:   147        SH:  0    Dex: 15    Spells: 1/14 levels left

rFire   . . .      SeeInvis .    d - +0 dagger
rCold   . . .      Faith    .    (no shield)
rNeg    . . .      Spirit   .    (body armour currently unavailable)
rPois   +          Reflect  .    (helmet currently unavailable)
rElec   .          Harm     .    (cloak currently unavailable)
rCorr   .          Rampage  .    (gloves currently unavailable)
Will    .....      NoTele   +    (boots currently unavailable)
Stlth   ++++++....               (no amulet)
HPRegen 0.31/turn                c - ring of magical power
MPRegen 0.18/turn                (no ring)

@: lethally poisoned (0 -> -1), tree-form, on berserk cooldown, slowed, wreathed
by umbra, very slow
A: stationary, stasis, torment immunity, boosted hp, small, no large weapons,
nightstalker 3, wild magic 1, evolution 1, noise suppression
a: Renounce Religion


You were in an ossuary.
You worshipped Dithmenos.
Dithmenos was aware of your devotion.
You were a tree.
You visited 2 branches of the dungeon, and saw 6 of its levels.
You also visited: Ossuary.

You collected 147 gold pieces.

Inventory:

Hand Weapons
 d - a +0 dagger (weapon)
Armour
 k - a +1 helmet (melded)
 m - the +2 robe of Tenacity (melded) {rC+ Int+3}
   (You found it on level 3 of the Dungeon)

   Int:       It affects your intelligence (+3).
   rC:        It protects you from cold.
 t - a scarf of repulsion (melded)
Jewellery
 c - a ring of magical power (left branch)
Wands
 q - a wand of iceblast (15)
Scrolls
 a - 3 scrolls of teleportation
 e - a scroll of amnesia
 f - 2 scrolls of noise
 j - 2 scrolls of enchant armour
 l - a scroll of immolation
 p - a scroll of poison
 r - a scroll of vulnerability {unknown}
 s - a scroll of fear {unknown}
 u - a scroll of magic mapping {unknown}
 x - a scroll of brand weapon {unknown}
 y - a scroll of enchant weapon {unknown}
Potions
 b - 2 potions of magic
 h - 2 potions of mutation
 i - a potion of lignification
 n - a potion of degeneration {unknown}
 o - a potion of heal wounds {unknown}
 v - a potion of curing {unknown}
 w - a potion of might {unknown}


   Skills:
 + Level 1.8 Fighting
 + Level 2.8 Short Blades
 * Level 6.0 Dodging
 * Level 9.0 Stealth
 + Level 3.6 Spellcasting
 + Level 5.1 Summonings


You had one spell level left.
You knew the following spells:

 Your Spells              Type           Power      Damage    Failure   Level
a - Summon Small Mammal   Summ           100%       N/A       3%          1
b - Call Imp              Summ           28%        N/A       4%          2
c - Call Canine Familiar  Summ           28%        N/A       9%          3
d - Summon Guardian Gole  Hex/Summ       16%        N/A       22%         3
e - Summon Lightning Spi  Summ/Air       16%        N/A       56%         4

Your spell library contained the following spells:

 Spells                   Type           Power      Damage    Failure   Level
 Sublimation of Blood     Necr           4%         N/A       32%         2
 Vhi's Electric Charge    Tloc/Air       8%         N/A       52%         3
 Petrify                  Tmut/Erth      4%         N/A       88%         4
 Arcjolt                  Conj/Air       2%         1d12      99%         5
 Irradiate                Conj/Tmut      2%         3d12      99%         5
 Maxwell's Capacitive Co  Air            2%         ∞         100%        8


Dungeon Overview and Level Annotations

Branches:
Dungeon (5/15)             Temple (1/1) D:4         Ossuary (1/1)

Altars:
Ashenzari
Dithmenos
Elyvilon
Kikubaaqudgha
Makhleb
Nemelex Xobeh
Sif Muna
Uskayaw
Vehumet
Xom
Yredelemnul
The Shining One

Shops:
D:1 *   D:4 :

Annotations:
D:4 1 runed translucent door, Crazy Yiuf


Innate Abilities, Weirdness & Mutations

You are a tree.
Your roots penetrate the ground, keeping you stationary.
You cannot be teleported.
You are immune to unholy pain and torment.
Your maximum health is greatly increased.
Your equipment is partially melded.
You are small and have problems with some larger weapons.
You are completely attuned to the shadows.
Your spells are a little harder to cast, but a little more powerful.
You have hidden genetic potential.
You passively dampen the noise of your surroundings.


Message History

Your +1 helmet melds into your body.
The +2 robe of Tenacity {rC+ Int+3} melds into your body.
The haze of the repulsion field disappears.
Your roots penetrate the ground.
* * * LOW HITPOINT WARNING * * *
You feel sick.
Your crimson imp closely misses the scorpion.
Your quokka barely misses the scorpion.
It was a potion of berserk rage.
A red film seems to cover your vision as you go berserk!
You feel yourself moving faster!
You feel mighty!
* * * LOW HITPOINT WARNING * * *
You feel sick.
Your crimson imp hits the scorpion.
Your quokka bites the scorpion.
The scorpion stings you but does no damage.
You are too berserk!
You closely miss the scorpion.
The scorpion is severely wounded.
Your crimson imp closely misses the scorpion.
Your quokka bites the scorpion.
The scorpion completely misses you.
You hit the scorpion.
You kill the scorpion!
Dithmenos accepts your kill.
* * * LOW HITPOINT WARNING * * *
You feel sick.
Your Dodging skill increases to level 6!
Your Stealth skill increases to level 9!
The human zombie barely misses your quokka.
You are too berserk!
Unknown command.
You feel a strong urge to attack something.
* * * LOW HITPOINT WARNING * * *
You feel sick.
Your quokka bites the human zombie.
* * * LOW HITPOINT WARNING * * *
You feel sick.
The human zombie barely misses your quokka.
You feel your anger nearly subside.
You are no longer berserk.
You are exhausted.
You feel yourself slow down.
You die...

.'...8...#...'...'...#
.#.......#...#...#...#
###8...8###'##########
!#.......#...#...#M?!#
!#...8...#...8...#...#
#...#...#.......# !.#
##########8...8###'##
#......5#...#
+...8.†♣†Z..#
#...#...#r..#
#############


You could see a human zombie (ally target), a friendly crimson imp (summoned)
and a friendly quokka (summoned).

Vanquished Creatures
  4 scorpions (Ossuary)
  A centaur zombie (Ossuary)
  A human zombie (Ossuary)
  2 jellies
  A scorpion zombie (Ossuary)
  Natasha (D:2)
  2 mummies (Ossuary)
  Robin (D:2)
  A gnoll (D:4)
  5 adders
  A dart slug (D:3)
  2 orcs (D:3)
  4 bats
  7 endoplasms
  3 giant cockroaches (D:4)
  9 goblins
  3 hobgoblins
  3 kobolds
  2 quokkas (D:2)
  6 ball pythons
  A frilled lizard (D:3)
  A gnoll zombie (Ossuary)
  A goblin zombie (Ossuary)
  A hobgoblin zombie (Ossuary)
  2 kobold zombies (Ossuary)
  2 orc zombies (Ossuary)
  5 rats
72 creatures vanquished.

Vanquished Creatures (collateral kills)
  An ogre (D:4)
  A scorpion (Ossuary)
  A necrophage (D:3)
  Natasha (twice) (D:2)
  A gnoll bouda (D:4)
  3 scorpion zombies (Ossuary)
  3 gnolls (D:4)
  2 adders
  An ufetubus (D:3)
  A worm (D:2)
  5 orcs (D:4)
  A bat (D:2)
  An endoplasm (D:1)
  2 giant cockroaches
  4 hobgoblins
  4 kobolds
  9 goblins
  2 goblin zombies (Ossuary)
  A hobgoblin zombie (Ossuary)
  A kobold zombie (Ossuary)
  2 rats
  A spectral goblin (D:1)
49 creatures vanquished.

Grand Total: 121 creatures vanquished

Notes
Turn   | Place    | Note
-------+----------+-------------------------------------------
     0 | D:1      | LnG the Kobold Summoner began the quest for the Orb.
     0 | D:1      | Reached XP level 1. HP: 10/10 MP: 3/3
   123 | D:1      | Reached XP level 2. HP: 10/15 MP: 5/5
   126 | D:1      | Learned a level 2 spell: Call Imp
   304 | D:1      | Reached skill level 3 in Stealth
   635 | D:1      | Found Iqeonluf's General Store.
   712 | D:1      | Found a faded altar of an unknown god.
   812 | D:1      | Reached XP level 3. HP: 18/19 MP: 6/6
   816 | D:1      | Learned a level 3 spell: Call Canine Familiar
  1416 | D:2      | Reached XP level 4. HP: 13/24 MP: 7/7
  1419 | D:2      | Noticed Natasha
  1494 | D:2      | Killed Natasha
  1495 | D:2      | Reached skill level 4 in Stealth
  1616 | D:2      | Noticed Natasha
  1627 | D:2      | Killed Natasha
  1628 | D:2      | Reached skill level 1 in Short Blades
  1628 | D:2      | Reached XP level 5. HP: 6/28 MP: 9/9
  1887 | D:2      | Noticed Natasha
  1894 | D:2      | Killed Natasha
  1895 | D:2      | Reached skill level 5 in Stealth
  1992 | D:2      | Noticed Robin
  1998 | D:2      | Killed Robin
  2071 | D:3      | Identified the +4 robe of Magic {rElec Int+3}
  2145 | D:3      | Identified the +2 robe of Tenacity {rC+ Int+3}
  2580 | D:3      | Reached XP level 6. HP: 33/33 MP: 10/10
  2659 | D:3      | Found a shimmering altar of Xom.
  2786 | D:3      | Reached skill level 1 in Fighting
  2786 | D:3      | Reached skill level 6 in Stealth
  3310 | D:4      | Noticed an ogre
  3320 | D:4      | Killed an ogre
  3321 | D:4      | Reached XP level 7. HP: 29/38 MP: 11/11
  3530 | D:4      | Reached skill level 7 in Stealth
  3611 | D:4      | Found a runed translucent door.
  3614 | D:4      | Noticed Crazy Yiuf
  3791 | D:4      | Learned a level 3 spell: Summon Guardian Golem
  3811 | D:4      | Found a staircase to the Ecumenical Temple.
  3819 | Temple   | Entered the Ecumenical Temple
  4099 | Temple   | Became a worshipper of Dithmenos the Shadowed
  4201 | D:4      | Found Nosoen's Book Emporium.
  5010 | D:5      | Entered Level 5 of the Dungeon
  5031 | D:5      | Found a sand-covered staircase.
  5039 | Ossuary  | Entered an ossuary
  5111 | Ossuary  | Reached skill level 5 in Dodging
  5194 | Ossuary  | Reached skill level 8 in Stealth
  5203 | Ossuary  | Reached XP level 8. HP: 43/43 MP: 13/13
  5227 | Ossuary  | Reached * piety under Dithmenos
  5228 | Ossuary  | Reached skill level 5 in Summonings
  5320 | Ossuary  | Learned a level 4 spell: Summon Lightning Spire
  5454 | Ossuary  | Gained mutation: You passively dampen the noise of your
                  | surroundings. [potion of mutation]
  5454 | Ossuary  | Gained mutation: Your spells are a little harder to cast,
                  | but a little more powerful. [potion of mutation]
  5454 | Ossuary  | Gained mutation: You have hidden genetic potential. [potion
                  | of mutation]
  5455 | Ossuary  | HP: 2/66 [poisoned by a scorpion]
  5459 | Ossuary  | Reached skill level 9 in Stealth
  5460 | Ossuary  | HP: 2/99 [poisoned by a scorpion]
  5462 | Ossuary  | Succumbed to a scorpion's poison

Illustrated notes

Levels and vault maps discovered:
D:1:      dpeg_arrival_renting, layout_basic,
          dreamdust_ecumenical_altar_drowned_temple, serial_shops,
          nicolae_shop_competitors_out_of_business, reono_crystal_passage
D:2:      layout_basic, uniq_robin, uniq_natasha
D:3:      layout_basic, xom_teletrap_fun, grunt_ministairs_2
D:4:      layout_loops_ring, minmay_temple_entry_waves, grunt_ministairs_2,
          minmay_misc_feat_chi, kennysheep_windowed_goal,
          uniq_crazy_yiuf_cottage
D:5:      lemuel_ratsnest, layout_basic, zin_treasury,
          nicolae_gozag_seed_capital, trog_book, nicolae_overflow_hidden_temple,
          ebering_ghost_sewer_d, lightli_ossuary_entry_decrepit_ruins,
          minivault_4, minmay_manual_mares, uniq_prince_ribbit1,
          uniq_blork_the_orc
Temple:   nicolae_temple_bog_church
Ossuary:  ossuary_minmay_scorpions

Skill      XL: |  1  2  3  4  5  6  7  8 |
---------------+-------------------------+-----
Stealth        | 3 4 5 6 8 9 |  9.0
Dodging        | 3 4 5 6 |  6.0
Short Blades   | 1 2 |  2.8
Spellcasting   | 3 |  3.6
Fighting       | 1 |  1.8
Summonings     | 5 |  5.1

Action                   |  1- 3 |  4- 6 |  7- 9 || total
-------------------------+-------+-------+-------++-------
Melee: Unarmed           |    21 |       |       ||    21
       Dagger            |    59 |   124 |   212 ||   395
       Punch             |     1 |       |     6 ||     7
 Cast: Summon Small Mamm |     6 |     1 |     1 ||     8
       Call Imp          |     5 |     3 |     3 ||    11
       Call Canine Famil |     3 |     7 |     8 ||    18
  Use: Scroll            |       |     5 |     2 ||     7
       Potion            |       |       |     3 ||     3
 Stab: Sleeping          |    10 |    17 |    16 ||    43
       Distracted        |     1 |     2 |     3 ||     6
Armor: Robe              |    13 |    30 |    45 ||    88
       Skin              |       |       |     1 ||     1
Dodge: Dodged            |    81 |    87 |   151 ||   319

Table legend: (Time is in decaauts)
 A = Elapsed time spent in this place.
 B = Non-inter-level travel time spent in this place.
 C = Inter-level travel time spent in this place.
 D = Time resting spent in this place.
 E = Time spent auto-exploring this place.
 F = Levels seen in this place.
 G = Mean time per level.
                   A        B        C        D        E       F      G
               +--------+--------+--------+--------+--------+-----+--------+
         Total |   5481 |   5284 |    197 |    326 |   3834 |   7 |  783.0 |
       Dungeon |   4753 |   4588 |    165 |    221 |   3550 |   5 |  950.6 |
        Temple |    321 |    289 |     32 |      0 |    275 |   1 |  321.0 |
       Ossuary |    406 |    406 |      0 |    105 |      8 |   1 |  406.0 |
               +--------+--------+--------+--------+--------+-----+--------+

Top non-repeatable levels by time:
     D:4: 1392 daAuts
     D:3: 1245 daAuts
     D:2: 1055 daAuts
     D:1: 1031 daAuts
 Ossuary: 406 daAuts
  Temple: 321 daAuts
     D:5: 28 daAuts
